[Event "39th Olympiad Khanty-Mansiysk 2010"]
[Site "Khanty-Mansiysk/Russia"]
[Date "2010.09.21"]
[Round "1"]
[White "Eljanov, Pavel"]
[Black "Al-Ali, Hussein Ali Husse"]
[Result "1-0"]
[WhiteElo "2761"]
[BlackElo "2364"]
[PlyCount "83"]
[EventDate "2010.??.??"]
[WhiteTeam "Ukraine"]
[BlackTeam "Iraq"]
[WhiteTeamCountry "UKR"]
[BlackTeamCountry "IRQ"]
[TimeControl "40/5400+30:1800+30"]

1. d4 Nf6 2. c4 e6 3. Nf3 Bb4+ 4. Bd2 Bxd2+ 5. Qxd2 O-O 6. g3 d6 7. Bg2 Qe7 8.
Nc3 e5 9. O-O c6 10. e4 Bg4 11. Ne1 Na6 12. Nc2 Rad8 13. f4 Rfe8 14. f5 d5 15.
exd5 cxd5 16. cxd5 exd4 17. Qxd4 Qd7 18. Ne3 h5 19. h3 Rxe3 20. Qxe3 Bxf5 21.
Kh2 Bg6 22. a3 b6 23. Rfe1 Re8 24. Qd2 Nc5 25. Rxe8+ Nxe8 26. Re1 Nd6 27. Qe3
Kf8 28. b4 Nd3 29. Rd1 Nb2 30. Rf1 Nbc4 31. Qg5 Kg8 32. Re1 Nxa3 33. Qe7 Qc8
34. Qxd6 Qxc3 35. Re8+ Kh7 36. Qd8 Bf5 37. d6 Kg6 38. h4 Qd2 39. Re2 Qxe2 40.
Qg5+ Kh7 41. Qxf5+ Kg8 42. d7 1-0

[Event "39th Olympiad Khanty-Mansiysk 2010"]
[Site "Khanty-Mansiysk/Russia"]
[Date "2010.09.21"]
[Round "1"]
[White "Grischuk, Alexander"]
[Black "Collins, Sam E"]
[Result "1/2-1/2"]
[WhiteElo "2760"]
[BlackElo "2431"]
[PlyCount "145"]
[EventDate "2010.??.??"]
[WhiteTeam "RU1"]
[BlackTeam "Ireland"]
[BlackTeamCountry "IRL"]
[TimeControl "40/5400+30:1800+30"]

1. d4 d5 2. Nf3 Nf6 3. c4 c6 4. Nc3 a6 5. c5 Bf5 6. Bf4 Nbd7 7. e3 Nh5 8. Be5
Nhf6 9. Bg3 Ne4 10. Nxe4 Bxe4 11. Nd2 Bg6 12. b4 f6 13. Be2 e5 14. Nb3 Be7 15.
a4 O-O 16. O-O Kh8 17. Qd2 Re8 18. b5 Qc8 19. Qb2 Bd8 20. b6 e4 21. Rae1 Nf8
22. Qc3 f5 23. f3 exf3 24. gxf3 Bf6 25. Bd3 Ne6 26. Bd6 Ng5 27. Kh1 Bh5 28. Nd2
Qd7 29. Bc2 Bg6 30. Re2 Re6 31. f4 Ne4 32. Nxe4 fxe4 33. Rg2 Bf5 34. Rfg1 Rg8
35. Bd1 Qf7 36. Be2 Ree8 37. Be5 Bh3 38. Rg3 Bf5 39. Qb3 Rd8 40. R1g2 Rde8 41.
Qd1 Re7 42. Bh5 Qe6 43. Qg1 Rd7 44. a5 Re7 45. h4 Rd7 46. Be2 Re7 47. h5 h6 48.
Kh2 Qf7 49. Qd1 Qe6 50. Bg4 Bxg4 51. Rxg4 Qf5 52. Rg6 Rf7 53. Qg4 Qxg4 54.
R2xg4 Kh7 55. Kh3 Rff8 56. Rg2 Rf7 57. Kg4 Rgf8 58. Rg1 Kh8 59. Kh3 Rg8 60.
R1g3 Kh7 61. Rg2 Kh8 62. Kg4 Kh7 63. Bd6 Re8 64. Rg1 Rg8 65. f5 Re8 66. Kf4 Ra8
67. Be5 Rc8 68. R1g4 Ra8 69. Rxf6 Rxf6 70. Bxf6 gxf6 71. Rg6 Rf8 72. Kg3 Rf7
73. Kf2 1/2-1/2

[Event "39th Olympiad Khanty-Mansiysk 2010"]
[Site "Khanty-Mansiysk/Russia"]
[Date "2010.09.21"]
[Round "1"]
[White "Karjakin, Sergey"]
[Black "Heidenfeld, Mark"]
[Result "1-0"]
[WhiteElo "2747"]
[BlackElo "2360"]
[PlyCount "69"]
[EventDate "2010.??.??"]
[WhiteTeam "RU1"]
[BlackTeam "Ireland"]
[BlackTeamCountry "IRL"]
[TimeControl "40/5400+30:1800+30"]

1. e4 e6 2. d4 d5 3. Nc3 dxe4 4. Nxe4 Nd7 5. Nf3 Ngf6 6. Bd3 c5 7. O-O Qc7 8.
c3 Nxe4 9. Bxe4 Nf6 10. Bc2 Bd6 11. Bg5 Bd7 12. Re1 h6 13. Bh4 O-O-O 14. Ne5
Rhf8 15. Qf3 Bc6 16. Nxc6 Qxc6 17. Be4 Qc7 18. g3 Qe7 19. Bxf6 gxf6 20. dxc5
Bxc5 21. b4 Bb6 22. a4 Rd2 23. Re2 Rxe2 24. Qxe2 f5 25. Bg2 Bc7 26. a5 Bd6 27.
c4 Bxb4 28. Rb1 Rd8 29. Qb2 Bc5 30. Bxb7+ Kd7 31. Qb5+ Kd6 32. Rd1+ Kc7 33.
Qc6+ Kb8 34. Rb1 Bb4 35. Ba6 1-0

[Event "39th Olympiad Khanty-Mansiysk 2010"]
[Site "Khanty-Mansiysk/Russia"]
[Date "2010.09.21"]
[Round "1"]
[White "Wang, Yue"]
[Black "Akylbekov, Nasyr"]
[Result "1-0"]
[WhiteElo "2732"]
[BlackElo "2390"]
[PlyCount "87"]
[EventDate "2010.??.??"]
[WhiteTeam "China"]
[BlackTeam "Kyrgyzstan"]
[WhiteTeamCountry "CHN"]
[BlackTeamCountry "KGZ"]
[TimeControl "40/5400+30:1800+30"]

1. d4 Nf6 2. Nf3 e6 3. c4 Bb4+ 4. Bd2 Qe7 5. g3 b6 6. Bg2 Bb7 7. O-O O-O 8. Bg5
h6 9. Bxf6 Qxf6 10. a3 Be7 11. Nc3 d6 12. Qc2 Nd7 13. Rad1 a6 14. h4 g5 15.
Nxg5 hxg5 16. Bxb7 Rad8 17. hxg5 Qxg5 18. Kg2 Kg7 19. Rh1 Rh8 20. f4 Qf6 21.
Bc6 Nb8 22. Bf3 Rxh1 23. Rxh1 Qxd4 24. Qh7+ Kf8 25. f5 Qg7 26. Qh3 e5 27. Nd5
c6 28. Nxb6 Bf6 29. b4 Re8 30. Be4 Ke7 31. b5 axb5 32. cxb5 cxb5 33. Nd5+ Kf8
34. Bd3 e4 35. Bxb5 Rd8 36. Qh6 Bg5 37. Qh8+ Qxh8 38. Rxh8+ Kg7 39. Rxd8 Bxd8
40. Kh3 Bg5 41. Kg4 Kh6 42. a4 Bd8 43. Nc3 e3 44. Nd5 1-0

[Event "39th Olympiad Khanty-Mansiysk 2010"]
[Site "Khanty-Mansiysk/Russia"]
[Date "2010.09.21"]
[Round "1"]
[White "Fressinet, Laurent"]
[Black "Patriarca, Luis Carlos"]
[Result "1-0"]
[WhiteElo "2718"]
[BlackElo "2308"]
[PlyCount "99"]
[EventDate "2010.??.??"]
[WhiteTeam "France"]
[BlackTeam "Paraguay"]
[WhiteTeamCountry "FRA"]
[BlackTeamCountry "PAR"]
[TimeControl "40/5400+30:1800+30"]

1. d4 Nf6 2. c4 e6 3. Nf3 d5 4. Nc3 Bb4 5. cxd5 exd5 6. Bg5 Nbd7 7. e3 c5 8.
Be2 h6 9. Bh4 Qa5 10. O-O Bxc3 11. bxc3 c4 12. Qc2 O-O 13. Nd2 b5 14. f3 Bb7
15. a4 bxa4 16. Rxa4 Qc7 17. Bg3 Qc8 18. Rfa1 a6 19. e4 Bc6 20. Ra5 Bb5 21. Bd6
Re8 22. e5 Qc6 23. Nf1 Nh7 24. f4 Nb6 25. Bf3 Rad8 26. Bc5 Nf8 27. Ne3 Ne6 28.
Bxb6 Qxb6 29. g3 Nc7 30. Qg2 Qc6 31. Re1 f6 32. Raa1 fxe5 33. fxe5 Rf8 34. Rf1
Qe6 35. Rf2 h5 36. Raf1 Bc6 37. Bxh5 Rxf2 38. Qxf2 g6 39. Bg4 Qe7 40. Qf6 Qxf6
41. Rxf6 Be8 42. Rd6 Rb8 43. Nxd5 Rb1+ 44. Kf2 Rb2+ 45. Ke3 Nxd5+ 46. Rxd5 Rc2
47. Rd8 Kf7 48. d5 Rxc3+ 49. Kd4 Rd3+ 50. Ke4 1-0

[Event "39th Olympiad Khanty-Mansiysk 2010"]
[Site "Khanty-Mansiysk/Russia"]
[Date "2010.09.21"]
[Round "1"]
[White "Vitiugov, Nikita"]
[Black "Krylov, Sergey"]
[Result "1-0"]
[WhiteElo "2709"]
[BlackElo "2359"]
[PlyCount "68"]
[EventDate "2010.??.??"]
[WhiteTeam "RU2"]
[BlackTeam "IBC"]
[TimeControl "40/5400+30:1800+30"]

1. c4 e5 2. Nc3 Nf6 3. Nf3 Nc6 4. g3 d5 5. cxd5 Nxd5 6. Bg2 Nb6 7. O-O Be7 8.
a3 O-O 9. b4 Be6 10. Rb1 f6 11. d3 a5 12. b5 Nd4 13. Nd2 Rb8 14. e3 Nf5 15. Qc2
Qd7 16. Rd1 Rfd8 17. Nc4 Nxc4 18. dxc4 Qc8 19. Nd5 Qd7 20. Nxe7+ Qxe7 21. Rxd8+
Qxd8 22. c5 b6 23. Be4 g6 24. Bb2 Qe8 25. a4 Qf7 26. Qc3 Ne7 27. cxb6 cxb6 28.
Qc7 Qe8 29. Rd1 Nf5 30. Bb7 Bb3 31. Rd7 Be6 32. Rd2 Bb3 33. Ba6 Bxa4 34. Qc4+
Kh8 1-0

[Event "39th Olympiad Khanty-Mansiysk 2010"]
[Site "Khanty-Mansiysk/Russia"]
[Date "2010.09.21"]
[Round "1"]
[White "Bu, Xiangzhi"]
[Black "Tologontegin, Semetey"]
[Result "1-0"]
[WhiteElo "2695"]
[BlackElo "2320"]
[PlyCount "77"]
[EventDate "2010.??.??"]
[WhiteTeam "China"]
[BlackTeam "Kyrgyzstan"]
[WhiteTeamCountry "CHN"]
[BlackTeamCountry "KGZ"]
[TimeControl "40/5400+30:1800+30"]

1. Nf3 d5 2. d4 Nf6 3. c4 e6 4. Bg5 Bb4+ 5. Nc3 Nbd7 6. Rc1 c6 7. a3 Be7 8. e3
O-O 9. Qc2 h6 10. Bh4 b6 11. Be2 Bb7 12. O-O Rc8 13. Rfd1 dxc4 14. Bxc4 Nd5 15.
Bg3 Nxc3 16. Qxc3 Nf6 17. Qb3 Re8 18. Ne5 Bd6 19. Bh4 Qc7 20. Bxf6 gxf6 21. Nf3
f5 22. Qd3 Qe7 23. Ba6 Bxa6 24. Qxa6 c5 25. dxc5 Rxc5 26. Rxc5 Bxc5 27. g3 Qc7
28. Qa4 Re7 29. Qh4 Kh7 30. e4 Rd7 31. Re1 Rd3 32. Qh5 fxe4 33. Ng5+ Kg7 34.
Nxe4 Rd5 35. Qg4+ Kh8 36. Nf6 Bxf2+ 37. Kg2 Qd8 38. Rxe6 Rg5 39. Qe4 1-0

[Event "39th Olympiad Khanty-Mansiysk 2010"]
[Site "Khanty-Mansiysk/Russia"]
[Date "2010.09.21"]
[Round "1"]
[White "Kojima, Shinya"]
[Black "Flores, Diego"]
[Result "1-0"]
[WhiteElo "2694"]
[BlackElo "2266"]
[PlyCount "39"]
[EventDate "2010.??.??"]
[WhiteTeam "Vietnam"]
[BlackTeam "Botswana"]
[WhiteTeamCountry "VIE"]
[BlackTeamCountry "BOT"]
[TimeControl "40/5400+30:1800+30"]

1. Nf3 f5 2. c4 Nf6 3. g3 d6 4. d4 g6 5. Bg2 Bg7 6. O-O O-O 7. Nc3 c6 8. Rb1
Qe8 9. d5 Na6 10. b4 Nh5 11. Qb3 cxd5 12. Nxd5 e6 13. Nc3 e5 14. Rd1 Kh8 15.
Nb5 d5 16. Rxd5 Be6 17. Rxe5 Bxe5 18. Nxe5 Qxb5 19. Qb2 Bxc4 20. Nf7+ 1-0

[Event "39th Olympiad Khanty-Mansiysk 2010"]
[Site "Khanty-Mansiysk/Russia"]
[Date "2010.09.21"]
[Round "1"]
[White "Laznicka, Viktor"]
[Black "Salem, A R  Saleh"]
[Result "1-0"]
[WhiteElo "2690"]
[BlackElo "2501"]
[PlyCount "59"]
[EventDate "2010.??.??"]
[WhiteTeam "Czech Republic"]
[BlackTeam "United Arab Emirates"]
[WhiteTeamCountry "CZE"]
[BlackTeamCountry "UAE"]
[TimeControl "40/5400+30:1800+30"]

1. d4 Nf6 2. Nf3 g6 3. c4 Bg7 4. g3 d5 5. cxd5 Nxd5 6. Bg2 Nb6 7. Nc3 Nc6 8. e3
O-O 9. O-O e5 10. d5 Na5 11. e4 c6 12. Bg5 f6 13. Be3 cxd5 14. Bxb6 Qxb6 15.
Nxd5 Qd8 16. Rc1 Nc6 17. Qb3 Rf7 18. Rfd1 Be6 19. Bf1 f5 20. Qa4 Rd7 21. Bc4
Kh8 22. Nb4 Nd4 23. Rxd4 Rxd4 24. Bxe6 Rxe4 25. Qb3 Qe7 26. Nd3 b6 27. Bc8 Rb8
28. Qd5 Bf6 29. Rc6 Qf8 30. Qd7 1-0

[Event "39th Olympiad Khanty-Mansiysk 2010"]
[Site "Khanty-Mansiysk/Russia"]
[Date "2010.09.21"]
[Round "1"]
[White "Bologan, Viktor"]
[Black "Baules, Jorge"]
[Result "1-0"]
[WhiteElo "2690"]
[BlackElo "2335"]
[PlyCount "49"]
[EventDate "2010.??.??"]
[WhiteTeam "Moldova"]
[BlackTeam "Panama"]
[WhiteTeamCountry "MDA"]
[BlackTeamCountry "PAN"]
[TimeControl "40/5400+30:1800+30"]

1. e4 c5 2. Nf3 Nc6 3. Bb5 g6 4. Bxc6 dxc6 5. h3 Nf6 6. d3 Bg7 7. Nc3 O-O 8.
Be3 b6 9. Qd2 e5 10. Bh6 Qd6 11. O-O Re8 12. Nh2 Nh5 13. Bxg7 Kxg7 14. Ne2 Be6
15. g4 Nf6 16. Qc3 Nd7 17. f4 f6 18. b3 exf4 19. Rxf4 Qe5 20. Qe1 f5 21. Nf3
Qd6 22. gxf5 Bxf5 23. Qg3 Kh8 24. Ng5 Be6 25. Nxh7 1-0

[Event "39th Olympiad Khanty-Mansiysk 2010"]
[Site "Khanty-Mansiysk/Russia"]
[Date "2010.09.21"]
[Round "1"]
[White "Timofeev, Artyom"]
[Black "Wassin, Sergej"]
[Result "1-0"]
[WhiteElo "2690"]
[BlackElo "2295"]
[PlyCount "57"]
[EventDate "2010.??.??"]
[WhiteTeam "RU2"]
[BlackTeam "IBC"]
[TimeControl "40/5400+30:1800+30"]

1. e4 c5 2. Nf3 Nc6 3. d4 cxd4 4. Nxd4 Qb6 5. Nb3 Nf6 6. Nc3 e6 7. Bd3 a6 8.
O-O Qc7 9. f4 d6 10. Qe2 b5 11. Bd2 Be7 12. Rae1 b4 13. Nd1 e5 14. Ne3 Be6 15.
f5 Bxb3 16. axb3 Qb7 17. c3 O-O 18. Nd5 bxc3 19. bxc3 a5 20. Bc4 Bd8 21. Kh1
Nxd5 22. Bxd5 Bf6 23. g4 h6 24. g5 hxg5 25. Rg1 Rfc8 26. Bxg5 Kf8 27. Qh5 Bxg5
28. Rxg5 a4 29. Rxg7 1-0

[Event "39th Olympiad Khanty-Mansiysk 2010"]
[Site "Khanty-Mansiysk/Russia"]
[Date "2010.09.21"]
[Round "1"]
[White "Georgiev, Kiril"]
[Black "Abu Sufian, Shakil"]
[Result "1/2-1/2"]
[WhiteElo "2685"]
[BlackElo "2361"]
[PlyCount "165"]
[EventDate "2010.??.??"]
[WhiteTeam "Bulgaria"]
[BlackTeam "Bangladesh"]
[WhiteTeamCountry "BUL"]
[BlackTeamCountry "BAN"]
[TimeControl "40/5400+30:1800+30"]

1. d4 d5 2. c4 c6 3. Nc3 Nf6 4. cxd5 cxd5 5. Bf4 Nc6 6. e3 Bf5 7. Qb3 Na5 8.
Bb5+ Bd7 9. Qa4 Nc6 10. Nf3 a6 11. Bxc6 Bxc6 12. Qb3 e6 13. Ne5 Bd6 14. Nxc6
bxc6 15. Bxd6 Qxd6 16. O-O Ng4 17. g3 h5 18. Ne2 h4 19. h3 Nf6 20. g4 Ne4 21.
Qc2 O-O 22. f3 Ng3 23. Nxg3 Qxg3+ 24. Qg2 Qxg2+ 25. Kxg2 Rfb8 26. Rf2 a5 27. f4
f5 28. Rc1 Rb6 29. Kf3 a4 30. Rfc2 Raa6 31. Rg1 Ra7 32. gxf5 exf5 33. Rg5 Rf7
34. Rcg2 Rfb7 35. b3 axb3 36. axb3 Rf7 37. Rg6 Re7 38. b4 Rxb4 39. Rxc6 Rb3 40.
Re2 Kf7 41. Rd6 Rb5 42. Rd8 g6 43. Rd6 Ra5 44. Re1 Rb5 45. Re2 Ra5 46. Kf2 Rb5
47. Rc6 Rb3 48. Rc5 Rd7 49. Ra5 Rc3 50. Rb5 Ra3 51. Rb8 Re7 52. Rd8 Ra5 53. Kg2
Rb5 54. Kf3 Ra5 55. Rh8 Kg7 56. Rc8 Ra3 57. Rc5 Rd7 58. Rc6 Kf7 59. Re1 Re7 60.
Rd6 Ra5 61. Rd8 Rb5 62. Ra8 Rb3 63. Ra5 Rd7 64. Rc5 Ra3 65. Rec1 Re7 66. R1c3
Rxc3 67. Rxc3 Ra7 68. Rc5 Ke6 69. Rc6+ Kf7 70. Rd6 Ra5 71. Rd8 Ke7 72. Rh8 Kf7
73. Rh7+ Kf6 74. Rd7 Ke6 75. Rg7 Kf6 76. Rb7 Ra2 77. Rb6+ Kf7 78. Rb5 Ke6 79.
Rb6+ Kf7 80. Rd6 Ra5 81. Rc6 Ra2 82. Rc7+ Ke6 83. Rc6+ 1/2-1/2

[Event "39th Olympiad Khanty-Mansiysk 2010"]
[Site "Khanty-Mansiysk/Russia"]
[Date "2010.09.21"]
[Round "1"]
[White "Rublevsky, Sergei"]
[Black "Simonet, Marc"]
[Result "1/2-1/2"]
[WhiteElo "2683"]
[BlackElo "2277"]
[PlyCount "86"]
[EventDate "2010.??.??"]
[WhiteTeam "RU3"]
[BlackTeam "Andorra"]
[BlackTeamCountry "AND"]
[TimeControl "40/5400+30:1800+30"]

1. e4 e6 2. d4 d5 3. Nd2 Nf6 4. Bd3 c5 5. e5 Nfd7 6. c3 Nc6 7. Ne2 cxd4 8. cxd4
f6 9. exf6 Nxf6 10. O-O Bd6 11. Nf3 O-O 12. Bf4 Bxf4 13. Nxf4 Ne4 14. g3 Ng5
15. Ne5 Nxe5 16. dxe5 Rxf4 17. gxf4 Nh3+ 18. Kh1 Nxf4 19. Rg1 Qc7 20. Rg5 h6
21. Rc1 Qf7 22. Rg3 b6 23. Bb5 Bb7 24. Qd4 Rf8 25. Bf1 g5 26. Ra3 Ba8 27. Rac3
Qh5 28. f3 Bb7 29. Kg1 Ng6 30. Rc7 Nh4 31. Be2 Ba6 32. Qf2 Bxe2 33. Qxe2 Nxf3+
34. Kh1 d4 35. Rd7 Qg6 36. Rf1 g4 37. Qc4 g3 38. Rxf3 Rxf3 39. hxg3 Rf2 40.
Rd8+ Kg7 41. Rd7+ Kg8 42. Rd8+ Kg7 43. Rd7+ Kg8 1/2-1/2

[Event "39th Olympiad Khanty-Mansiysk 2010"]
[Site "Khanty-Mansiysk/Russia"]
[Date "2010.09.21"]
[Round "1"]
[White "Berkes, Ferenc"]
[Black "Mansour, Sameer"]
[Result "1-0"]
[WhiteElo "2678"]
[BlackElo "2283"]
[PlyCount "39"]
[EventDate "2010.??.??"]
[WhiteTeam "Hungary"]
[BlackTeam "Jordan"]
[WhiteTeamCountry "HUN"]
[BlackTeamCountry "JOR"]
[TimeControl "40/5400+30:1800+30"]

1. d4 d5 2. c4 e6 3. Nc3 c6 4. e3 Nf6 5. Nf3 Nbd7 6. Qc2 Bd6 7. Bd3 a6 8. O-O
dxc4 9. Bxc4 b5 10. Bd3 c5 11. Ne4 Nxe4 12. Bxe4 Ra7 13. Rd1 cxd4 14. Nxd4 Qc7
15. Nc6 Rb7 16. Bd2 b4 17. Rac1 O-O 18. Ne7+ Bxe7 19. Qxc7 Rxc7 20. Rxc7 1-0

[Event "39th Olympiad Khanty-Mansiysk 2010"]
[Site "Khanty-Mansiysk/Russia"]
[Date "2010.09.21"]
[Round "1"]
[White "Sargissian, Gabriel"]
[Black "Valdes, Leonardo"]
[Result "1-0"]
[WhiteElo "2677"]
[BlackElo "2429"]
[PlyCount "109"]
[EventDate "2010.??.??"]
[WhiteTeam "Armenia"]
[BlackTeam "Costa Rica"]
[WhiteTeamCountry "ARM"]
[BlackTeamCountry "CRI"]
[TimeControl "40/5400+30:1800+30"]

1. d4 Nf6 2. c4 g6 3. Nc3 Bg7 4. e4 d6 5. Nf3 O-O 6. Be2 e5 7. O-O Nbd7 8. Qc2
c6 9. d5 c5 10. g3 Ne8 11. Nh4 Nb6 12. Bd2 Bd7 13. Rab1 Rc8 14. Ng2 Bh3 15. f3
Nd7 16. Nd1 f5 17. Nf2 Bxg2 18. Kxg2 f4 19. a3 Rc7 20. b4 b6 21. Nd3 g5 22. g4
h5 23. h3 Bf6 24. a4 Rf7 25. a5 Rh7 26. Ra1 Rh6 27. axb6 axb6 28. Nf2 hxg4 29.
Nxg4 Rh8 30. Ra6 Qe7 31. Ra8 Kf7 32. Qa4 Bg7 33. Ra1 Ndf6 34. Nf2 Nh5 35. Ra7
Ng3 36. Bd3 Nf6 37. Rxc7 Qxc7 38. Qa7 Rc8 39. Nd1 Bf8 40. Nc3 Be7 41. Nb5 Qd8
42. bxc5 bxc5 43. Ba5 Qd7 44. Qxd7 Nxd7 45. Bc7 Nf8 46. Bxd6 Ng6 47. Bc7 Rh8
48. Nd6+ Bxd6 49. Bxd6 Nh4+ 50. Kf2 Ng6 51. Ra7+ Kf6 52. Bc7 g4 53. hxg4 Kg5
54. Bf1 Rh1 55. Bd8+ 1-0

[Event "39th Olympiad Khanty-Mansiysk 2010"]
[Site "Khanty-Mansiysk/Russia"]
[Date "2010.09.21"]
[Round "1"]
[White "Giri, Anish"]
[Black "Infante, Miguel"]
[Result "1-0"]
[WhiteElo "2677"]
[BlackElo "2276"]
[PlyCount "71"]
[EventDate "2010.??.??"]
[WhiteTeam "Netherlands"]
[BlackTeam "Dominican Republic"]
[WhiteTeamCountry "NED"]
[BlackTeamCountry "DOM"]
[TimeControl "40/5400+30:1800+30"]

1. d4 Nf6 2. c4 e6 3. Nf3 b6 4. g3 Ba6 5. Qa4 Bb7 6. Bg2 c5 7. dxc5 bxc5 8. O-O
Be7 9. Nc3 O-O 10. Rd1 Qb6 11. Bf4 d6 12. Rab1 Na6 13. a3 Rac8 14. Qc2 Rfd8 15.
e4 Bc6 16. Qe2 h6 17. Nd5 Nxd5 18. exd5 Bd7 19. dxe6 Bxe6 20. Nd2 Bf8 21. Qd3
Qc7 22. Ne4 Bg4 23. f3 Bh5 24. Bh3 Bg6 25. Bxc8 Qxc8 26. Rd2 Nc7 27. Re1 Ne6
28. Be3 Qc6 29. Qd5 Qc7 30. Bf2 Rb8 31. f4 Bh7 32. f5 Nd4 33. Bxd4 cxd4 34. b4
Rc8 35. Rxd4 Qb6 36. Nxd6 1-0

[Event "39th Olympiad Khanty-Mansiysk 2010"]
[Site "Khanty-Mansiysk/Russia"]
[Date "2010.09.21"]
[Round "1"]
[White "Smeets, Jan"]
[Black "Munoz, Lisandro"]
[Result "0-1"]
[WhiteElo "2669"]
[BlackElo "2391"]
[PlyCount "64"]
[EventDate "2010.??.??"]
[WhiteTeam "Netherlands"]
[BlackTeam "Dominican Republic"]
[WhiteTeamCountry "NED"]
[BlackTeamCountry "DOM"]
[TimeControl "40/5400+30:1800+30"]

1. e4 c5 2. Nf3 e6 3. d4 cxd4 4. Nxd4 Nc6 5. Nc3 Qc7 6. g3 a6 7. Bg2 d6 8. O-O
Bd7 9. Nb3 b5 10. a4 b4 11. Ne2 Nf6 12. a5 e5 13. c3 Be6 14. Bg5 Rb8 15. Rc1
Be7 16. Nbd4 Nxd4 17. cxd4 Qxa5 18. Qd3 Bd7 19. Rfe1 Bb5 20. Qb3 O-O 21. Ra1
Qc7 22. Qa2 h6 23. Bd2 Qc2 24. b3 Rfc8 25. Nc1 exd4 26. Bxb4 Ng4 27. Bh3 Ne5
28. Bxc8 Nf3+ 29. Kh1 Nxe1 30. Bf5 Qd1 31. Ne2 Qxe2 32. Bxe1 Qf1# 0-1

[Event "39th Olympiad Khanty-Mansiysk 2010"]
[Site "Khanty-Mansiysk/Russia"]
[Date "2010.09.21"]
[Round "1"]
[White "So, Wesley"]
[Black "Lee, Sanghoon"]
[Result "1-0"]
[WhiteElo "2668"]
[BlackElo "2146"]
[PlyCount "69"]
[EventDate "2010.??.??"]
[WhiteTeam "Philippines"]
[BlackTeam "Korea"]
[WhiteTeamCountry "PHI"]
[BlackTeamCountry "KOR"]
[TimeControl "40/5400+30:1800+30"]

1. d4 Nf6 2. c4 g6 3. Nc3 d5 4. Bg5 Ne4 5. Bh4 Nxc3 6. bxc3 dxc4 7. e3 Qd5 8.
Nf3 Bg7 9. Nd2 b5 10. a4 c6 11. Be2 Bb7 12. Bf3 Qd7 13. Ne4 a6 14. Nc5 Qc8 15.
axb5 axb5 16. Rxa8 Bxa8 17. Qa1 Nd7 18. Qa7 Nf6 19. O-O O-O 20. Ra1 Re8 21. e4
Qb8 22. Qxb8 Rxb8 23. Ra7 b4 24. cxb4 c3 25. Bd1 Rd8 26. Bc2 h6 27. Kf1 Kh7 28.
Rxe7 Kg8 29. Ra7 Rxd4 30. Rxa8+ Kh7 31. Ra7 Rd2 32. Bxf6 Bxf6 33. Rxf7+ Bg7 34.
Bb3 Rb2 35. e5 1-0

[Event "39th Olympiad Khanty-Mansiysk 2010"]
[Site "Khanty-Mansiysk/Russia"]
[Date "2010.09.21"]
[Round "1"]
[White "Sutovsky, Emil"]
[Black "Al-Hadarani, Hatim"]
[Result "*"]
[WhiteElo "2665"]
[BlackElo "2264"]
[PlyCount "29"]
[EventDate "2010.??.??"]
[WhiteTeam "Israel"]
[BlackTeam "Yemen"]
[WhiteTeamCountry "ISR"]
[BlackTeamCountry "YEM"]
[TimeControl "40/5400+30:1800+30"]

1. e4 e5 2. Bc4 Nf6 3. d3 Nc6 4. Nc3 Na5 5. Bg5 h6 6. Bh4 c6 7. a3 Nxc4 8. dxc4
d6 9. Qd3 Be6 10. Nge2 Be7 11. b3 g5 12. Bg3 Qa5 13. f3 O-O-O 14. O-O Kb8 15.
Rfb1 *

[Event "39th Olympiad Khanty-Mansiysk 2010"]
[Site "Khanty-Mansiysk/Russia"]
[Date "2010.09.21"]
[Round "1"]
[White "Moiseenko, Alexander"]
[Black "Noah, A. H. Al-Ali"]
[Result "1-0"]
[WhiteElo "2658"]
[BlackElo "2397"]
[PlyCount "37"]
[EventDate "2010.??.??"]
[WhiteTeam "Ukraine"]
[BlackTeam "Iraq"]
[WhiteTeamCountry "UKR"]
[BlackTeamCountry "IRQ"]
[TimeControl "40/5400+30:1800+30"]

1. d4 d5 2. c4 dxc4 3. e3 a6 4. Bxc4 b5 5. Bxf7+ Kxf7 6. Qf3+ Nf6 7. Qxa8 Be6
8. Qf3 Nc6 9. Qd1 Bf5 10. Nf3 Nb4 11. O-O c5 12. Nc3 Ke8 13. a3 Nc2 14. Ra2 b4
15. axb4 cxb4 16. e4 Nxe4 17. Qxc2 bxc3 18. Qa4+ Bd7 19. Qxa6 1-0

[Event "39th Olympiad Khanty-Mansiysk 2010"]
[Site "Khanty-Mansiysk/Russia"]
[Date "2010.09.21"]
[Round "1"]
[White "Socko, Bartosz"]
[Black "Wiedenkeller, Michael"]
[Result "1-0"]
[WhiteElo "2657"]
[BlackElo "2431"]
[PlyCount "91"]
[EventDate "2010.??.??"]
[WhiteTeam "Poland"]
[BlackTeam "Luxembourg"]
[WhiteTeamCountry "POL"]
[BlackTeamCountry "LUX"]
[TimeControl "40/5400+30:1800+30"]

1. d4 Nf6 2. c4 e6 3. Nc3 Bb4 4. e3 O-O 5. Nge2 d5 6. a3 Be7 7. cxd5 Nxd5 8.
Bd2 Nd7 9. g3 N5f6 10. Bg2 e5 11. d5 Nb6 12. e4 c6 13. Qb3 cxd5 14. exd5 Bg4
15. h3 Bf5 16. Be3 Bd3 17. Bxb6 axb6 18. Rd1 Ba6 19. Nb5 Bxb5 20. Qxb5 Ne8 21.
O-O Nd6 22. Qb3 b5 23. Nc3 Qa5 24. Rfe1 Rfc8 25. Bf1 Rc5 26. Rxe5 Bf6 27. Ne4
Bxe5 28. Nxc5 Rd8 29. Bd3 Qb6 30. Ne4 Nxe4 31. Bxe4 Bd6 32. Qd3 g6 33. Rc1 b4
34. a4 Be5 35. b3 Bd4 36. Rc2 Be5 37. Kg2 Bd6 38. h4 Re8 39. h5 Kg7 40. Rc4 Qd8
41. Qd4+ f6 42. hxg6 hxg6 43. Bxg6 Kxg6 44. Qg4+ Kf7 45. Qh5+ Ke7 46. Qh7+ 1-0

[Event "39th Olympiad Khanty-Mansiysk 2010"]
[Site "Khanty-Mansiysk/Russia"]
[Date "2010.09.21"]
[Round "1"]
[White "McShane, Luke J"]
[Black "Mok, Tze-Meng"]
[Result "1-0"]
[WhiteElo "2657"]
[BlackElo "2416"]
[PlyCount "61"]
[EventDate "2010.??.??"]
[WhiteTeam "England"]
[BlackTeam "Malaysia"]
[WhiteTeamCountry "ENG"]
[BlackTeamCountry "MAS"]
[TimeControl "40/5400+30:1800+30"]

1. b3 e5 2. Bb2 d6 3. e3 Nf6 4. g3 Be7 5. Bg2 O-O 6. c4 Nc6 7. Nc3 d5 8. Nxd5
Nxd5 9. cxd5 Nb4 10. Qb1 Nxd5 11. Nf3 f6 12. O-O c5 13. d4 exd4 14. exd4 Be6
15. Qe4 Qb6 16. Rae1 Bf7 17. Nh4 Rfe8 18. Nf5 Bf8 19. Qg4 g6 20. dxc5 Qxc5 21.
Rc1 Qa5 22. Qh4 gxf5 23. Bxd5 Bxd5 24. Qxf6 Re6 25. Qh8+ Kf7 26. Qxh7+ Ke8 27.
Qxf5 Rd8 28. Qh5+ Ke7 29. Qh7+ Kd6 30. Ba3+ Ke5 31. f4+ 1-0

[Event "39th Olympiad Khanty-Mansiysk 2010"]
[Site "Khanty-Mansiysk/Russia"]
[Date "2010.09.21"]
[Round "1"]
[White "Zhigalko, Sergei"]
[Black "Rosenbeiger, Alan"]
[Result "1-0"]
[WhiteElo "2640"]
[BlackElo "2153"]
[PlyCount "43"]
[EventDate "2010.??.??"]
[WhiteTeam "Belarus"]
[BlackTeam "Channel Islands"]
[WhiteTeamCountry "BLR"]
[BlackTeamCountry "JCI"]
[TimeControl "40/5400+30:1800+30"]

1. e4 d6 2. d4 g6 3. Nc3 c6 4. a4 Bg7 5. Nf3 Nf6 6. h3 O-O 7. Be3 Nbd7 8. a5
Rb8 9. d5 c5 10. Qd2 b5 11. axb6 Qxb6 12. Ra2 Qb4 13. Bd3 Nb6 14. O-O Nc4 15.
Bxc4 Qxc4 16. b3 Qb4 17. Ra4 Qb7 18. Rfa1 Ra8 19. Bh6 Bd7 20. e5 dxe5 21. Rh4
Nh5 22. Rxh5 1-0

[Event "39th Olympiad Khanty-Mansiysk 2010"]
[Site "Khanty-Mansiysk/Russia"]
[Date "2010.09.21"]
[Round "1"]
[White "Edouard, Romain"]
[Black "Vazquez, Guillermo"]
[Result "1-0"]
[WhiteElo "2636"]
[BlackElo "2166"]
[PlyCount "102"]
[EventDate "2010.??.??"]
[WhiteTeam "France"]
[BlackTeam "Paraguay"]
[WhiteTeamCountry "FRA"]
[BlackTeamCountry "PAR"]
[TimeControl "40/5400+30:1800+30"]

1. d4 Nf6 2. c4 g6 3. Nc3 Bg7 4. e4 d6 5. f3 O-O 6. Be3 b6 7. Qd2 c5 8. Nge2
Nc6 9. d5 Ne5 10. Nc1 e6 11. Be2 exd5 12. cxd5 a6 13. a4 Bb7 14. O-O Re8 15.
Rb1 Rc8 16. b3 h5 17. h3 Nh7 18. Nd3 Nxd3 19. Bxd3 f5 20. Ne2 Qe7 21. Nf4 Nf8
22. Qc2 Qf7 23. h4 Rc7 24. Rbe1 Rce7 25. Bc4 Qf6 26. g3 fxe4 27. fxe4 Qc3 28.
Bd3 Qxc2 29. Bxc2 b5 30. Bd2 b4 31. Bd3 Bc8 32. Kh2 Be5 33. Ng2 Nh7 34. Ne3 Nf6
35. Nc4 Ng4+ 36. Kg2 Rf8 37. Rxf8+ Kxf8 38. Bf4 Bb7 39. Rf1 Ke8 40. Bxe5 dxe5
41. Nd6+ Kd8 42. Rf8+ Kc7 43. Nc4 Rg7 44. Be2 Nh6 45. Re8 Ng8 46. Bf3 Nf6 47.
Rxe5 Rf7 48. Re6 Nxd5 49. exd5 Rxf3 50. Kxf3 Bxd5+ 51. Re4 Bxe4+ 1-0